 Dungeon Crawl Stone Soup version 0.15.0-14-g6bbbb5c (console) character file.

25 gw the Insei (level 2, 0/24 HPs)
             Began as a Demonspawn Monk on Sept 4, 2014.
             Succumbed to Ijyb's poison
             ... on Level 2 of the Dungeon.
             The game lasted 00:00:30 (1065 turns).

gw the Insei (Demonspawn Monk)                      Turns: 1065, Time: 00:00:30

HP   0/24        AC  3     Str 11      XL: 2   Next: 82%
MP   2/2         EV 11     Int 11      God:
Gold 0           SH  0     Dex 15      Spells:  0 memorised,  1 level left

rFire  . . .     SeeInvis .       - Unarmed
rCold  . . .     Clarity  .     i - +0 leather armour
rNeg   . . .     rCorr    .     (no shield)
rPois  .         rRot     .     (no helmet)
rElec  .         Spirit   .     (no cloak)
SustAb .         Warding  .     (no gloves)
rMut   .         Stasis   .     (no boots)
Gourm  .                        (no amulet)
MR     .....                    (no ring)
                                (no ring)

@: lethally poisoned, not resistant to hostile enchantments, unstealthy
A: spiny 1
a: no special abilities


You were on level 2 of the Dungeon.
You were hungry.

You visited 1 branch of the dungeon, and saw 2 of its levels.

Inventory:

Missiles
 c - 51 stones (quivered)
Armour
 i - a +0 leather armour (worn)
Comestibles
 b - 4 bread rations
Scrolls
 e - a scroll of identify


   Skills:
 + Level 3.1 Fighting
 + Level 0.5 Throwing
 + Level 1.0 Armour
 - Level 2.6 Dodging
 - Level 1.7 Stealth
 * Level 4.0 Unarmed Combat


You had one spell level left.
You didn't know any spells.

Dungeon Overview and Level Annotations

Branches:
Dungeon (2/15)

Altars:

Annotations:
D:2 Ijyb


Innate Abilities, Weirdness & Mutations

You are partially covered in sharp spines.


Message History

You feel sick.
MOVING TO (-1,-3)
You feel sick.
MOVING TO (-1,-2)
You feel sick.
MOVING TO (0,-1)
You feel sick.
MOVING TO (-3,-7)
You feel sick.
MOVING TO (-2,-6)
You feel sick.
MOVING TO (-2,-5) MOVING TO (-1,-4)
You feel sick.
MOVING TO (-1,-3)
You feel sick. Ijyb screams, "I cut your head off!"
MOVING TO (-1,-2) MOVING TO (0,-1)
You die...

....######.##..#........
+........................
....##..##..............
###'####.#.#.#.#####
#....# #.#.<.#.###.#
#....# #.#.........#
#....# #.#####.###?#
###'## #.......# #.# #6#
#######.###.# #.##
#.....# #g.# #.##### ##.#
#.# #.## #.# #..# #.#
##.## #.# #..# #.#
######.## #.#


You could see Ijyb.

Table legend:
 A = Turns spent in this place as a percentage of turns spent in the entire game.
 B = Non-inter-level travel turns spent in this place as a percentage of non-inter-level travel turns spent in the entire game.
 C = Inter-level travel turns spent in this place as a percentage of turns spent in this place.
 D = Turns resting spent in this place as a percentage of non-inter-level travel turns spent in this place.
 E = Turns spent auto-exploring this place as a percentage of non-inter-level travel turns spent in this place.
 F = Non-inter-level travel turns spent in this place divided by the number of levels of this place that you've seen.
                   A       B       C       D       E      F
               +-------+-------+-------+-------+-------+----------------------
         Total | 100.0 | 100.0 |   1.2 |   5.5 |  19.1 | 128.0
       Dungeon | 100.0 | 100.0 |   1.2 |   5.5 |  19.1 | 128.0
               +-------+-------+-------+-------+-------+----------------------

Table legend:
 A = Kills in this place as a percentage of kills in entire the game.
 B = Kills by you in this place as a percentage of kills by you in the entire game.
 C = Kills by friends in this place as a percentage of kills by friends in the entire game.
 D = Other kills in this place as a percentage of other kills in the entire game.
 E = Experience gained in this place as a percentage of experience gained in the entire game.
 F = Experience gained in this place divided by the number of levels of this place that you have seen.
                   A       B       C       D       E      F
               +-------+-------+-------+-------+-------+----------------------
         Total | 100.0 | 100.0 |  -nan |  -nan | 100.0 |  18.0
       Dungeon | 100.0 | 100.0 |  -nan |  -nan | 100.0 |  18.0
               +-------+-------+-------+-------+-------+----------------------

Vanquished Creatures
  A worm (D:2)
  3 hobgoblins (D:1)
  A ball python (D:2)
  3 bats (D:1)
  3 giant newts (D:1)
  2 goblins (D:1)
  2 jackals (D:1)
  3 kobolds
  5 rats (D:1)
23 creatures vanquished.

Notes
Turn   | Place    | Note
--------------------------------------------------------------
     0 | D:1      | gw, the Demonspawn Monk, began the quest for the Orb.
     0 | D:1      | Reached XP level 1. HP: 18/18 MP: 1/1
   312 | D:1      | Gained mutation: You are partially covered in sharp spines. [demonic ancestry]
   312 | D:1      | Reached XP level 2. HP: 24/24 MP: 2/2
   894 | D:2      | Reached skill level 1 in Armour
   917 | D:2      | Reached skill level 4 in Unarmed Combat
  1038 | D:2      | Noticed Ijyb
  1063 | D:2      | HP: 1/24 [poisoned by Ijyb]
  1065 | D:2      | Succumbed to Ijyb's poison

Action                   || total
-------------------------++-------
Melee: Unarmed           ||    48
Throw: Stone             ||    71
  Use: Scroll            ||     4
       Potion            ||     2

Vault maps used:
D:1:      dpeg_arrival_three_same_balls
D:2:      uniq_iyjb
